 Dungeon Crawl Stone Soup version 0.19.1 (webtiles) character file.

17607 Lilleppy the Protected (level 12, -7/107 HPs)
             Began as a Minotaur Gladiator on Dec 15, 2016.
             Was a High Priest of Makhleb.
             Killed by divine providence
             ... invoked by a smoke demon
              (16 damage)
             ... on level 2 of the Abyss.
             The game lasted 00:31:09 (10920 turns).

Lilleppy the Protected (Minotaur Gladiator)        Turns: 10920, Time: 00:31:09

Health: -7/107     AC: 23    Str: 22    XL:     12   Next: 20%
Magic:  12/12      EV: 11    Int:  7    God:    Makhleb [*****.]
Gold:   444        SH:  6    Dex: 12    Spells: 0 memorised, 11 levels left

rFire  + . .     SeeInvis +     s - +4 whip (elec)
rCold  x . .     Gourm    .     i - +5 chain mail
rNeg   . . .     Faith    .     b - +1 buckler {AC+3}
rPois  .         Spirit   .     H - +1 hat {SInv}
rElec  .         Reflect  .     (no cloak)
rCorr  .         Harm     .     T - +0 pair of gloves
MR     .....                    (no boots)
Stlth  ..........               Z - amulet of rage
                                F - ring of fire
                                (no ring)

@: no status effects
A: retaliatory headbutt, horns 2
a: Minor Destruction, Lesser Servant of Makhleb, Major Destruction, Greater
Servant of Makhleb, Renounce Religion, Evoke Berserk Rage


You were on level 2 of the Abyss.
You worshipped Makhleb.
Makhleb was extremely pleased with you.
You were near starving.

You visited 2 branches of the dungeon, and saw 12 of its levels.
You visited the Abyss 1 time.
You also visited: Sewer.

You collected 582 gold pieces.
You spent 138 gold pieces at shops.

Inventory:

Hand Weapons
 s - a +4 whip of electrocution (weapon)
 G - a +2 demon trident of electrocution
Missiles
 d - 5 throwing nets (quivered)
 x - 12 javelins
Armour
 b - a +1 buckler of protection (worn)
 i - a +5 chain mail (worn)
 y - a +2 robe of magic resistance
 H - a +1 hat of see invisible (worn)
 T - a +0 pair of gloves (worn)
 W - a +1 chain mail of magic resistance
Jewellery
 F - a ring of fire (right hand)
 Z - an amulet of rage (around neck)
Wands
 p - a wand of random effects (46/48)
 v - a wand of lightning (7/15)
 I - a wand of random effects (29/48)
 J - a wand of paralysis (11/24)
 L - a wand of random effects (18/48)
 M - a wand of iceblast (9/15)
 S - a wand of flame (11/48)
 V - a wand of acid (7/15)
Scrolls
 h - a scroll of fog
 k - 12 scrolls of identify
 l - 3 scrolls of blinking
 m - 14 scrolls of remove curse
 w - 3 scrolls of fear
 B - 4 scrolls of teleportation
 N - a scroll of enchant weapon
 U - a scroll of recharging
 X - a scroll of acquirement
Potions
 f - 4 potions of curing
 n - 3 potions of degeneration {unknown}
 o - 4 potions of cancellation {unknown}
 t - 5 potions of flight
 z - 2 potions of lignification
 C - a potion of mutation {unknown}
 E - 3 potions of resistance {unknown}
 K - a potion of ambrosia {unknown}
 O - a potion of brilliance
 P - 2 potions of might
 R - a potion of agility {unknown}
 Y - a potion of berserk rage {unknown}
Books
 g - a book of Maledictions

   Spells                             Type                      Level
   a - Corona                         Hexes                        1
   b - Ensorcelled Hibernation        Hexes/Ice                    2
   c - Confuse                        Hexes                        3
   d - Tukima's Dance                 Hexes                        3
   e - Dazzling Spray                 Conjuration/Hexes            3
Comestibles
 q - a meat ration
 r - 6 bread rations
 u - a slice of pizza
 A - 13 fruits
 D - 3 beef jerkies
 Q - a royal jelly


   Skills:
 + Level 10.3 Fighting
 + Level 12.9(13.3) Maces & Flails
   Level 5.6(10.1) Staves
 + Level 2.2 Throwing
 + Level 13.0 Armour
 + Level 6.7 Dodging
 + Level 2.0 Stealth
 + Level 6.3 Shields
 + Level 2.5 Invocations
 + Level 0.3 Evocations


You had 11 spell levels left.
You didn't know any spells.

Dungeon Overview and Level Annotations

Branches:
Dungeon (9/15)             Temple (0/1) D:7            Lair (3/6) D:9
 Spider (0/4) Lair:3
  Swamp: Lair:2-4    Shoals: Lair:2-4       Orc: D:9-12

Altars:
Dithmenos
Elyvilon
Gozag
Makhleb
Nemelex Xobeh
Okawaru
Xom
Yredelemnul
Zin
The Shining One

Shops:
D:7 %

Annotations:
Lair:3 Sonja


Innate Abilities, Weirdness & Mutations

You reflexively headbutt those who attack you in melee.
You have a pair of horns on your head.


Message History

You kill the ufetubus!
You are covered in liquid flames!
* * * LOW HITPOINT WARNING * * *
The smoke demon gestures at you. The ball of steam misses you.
You are covered in liquid flames!
* * * LOW HITPOINT WARNING * * *
You are covered in liquid flames!
* * * LOW HITPOINT WARNING * * *
The ynoxinul gestures.
The ufetubus is engulfed in a cloud of scalding steam.
The ufetubus dies!
The ynoxinul gestures at you. The iron shot misses you.
The ufetubus shouts! x2
The ynoxinul gestures.
A chorus of shrieks assaults your mind.
* * * LOW HITPOINT WARNING * * *
The smoke demon gestures at you. Something smites you!
You die...

..###..##....#
#..##KX....##
##..##5X##...#
##.##.53.5.#.#..
#.#...##5.##.#..##.
#.......## #..#.
##.##3.#.# ##
#...#... ##.@####..
##..# ## ##...
.##.. #. #.. #. #
.. .


You could see a starcursed mass, a smoke demon, a ynoxinul, a big kobold shaped
shifter and 3 ufetubi.

Vanquished Creatures
  Gastronok (D:8)
  2 hydras
  A queen ant (Lair:3)
  Urug (Lair:3)
  Nergalle (Lair:3)
  A spatial maelstrom (Abyss:2)
  A large abomination (Abyss:2)
  2 black mambas
  Joseph (D:8)
  A smoke demon (Abyss:2)
  2 spiny frogs
  6 komodo dragons
  Grinder (D:4)
  Prince Ribbit (D:7)
  The ghost of Apostate the Cutter, an amateur DsGl (D:4)
  A hippogriff (Lair:3)
  Sigmund (D:3)
  A wyvern (Lair:1)
  4 flying skulls (Abyss:2)
  4 yaks (Lair:1)
  Grum (Lair:1)
  A hungry ghost (D:8)
  A basilisk (Lair:2)
  A chaos spawn (Abyss:2)
  Menkaure (D:4)
  6 soldier ants (Lair:3)
  3 water moccasins
  3 porcupines
  Duvessa (D:7)
  An ice beast (D:6)
  2 black bears (D:6)
  2 phantoms
  3 wolves (Lair:1)
  2 ogres (D:6)
  3 centaurs
  5 crocodiles
  3 big kobolds (Sewer)
  5 bullfrogs
  Dowan (D:7)
  A gnoll sergeant (D:8)
  4 scorpions
  3 howler monkeys (D:8)
  3 crimson imps
  A jelly (D:3)
  3 hounds
  7 orc wizards
  A bullfrog skeleton (D:5)
  3 orc priests
  3 iguanas
  31 worker ants
  2 worker ant zombies
  Robin (D:3)
  12 gnolls
  12 adders
  2 oozes
  2 adder skeletons
  An adder zombie (D:6)
  5 worms
  A dart slug (D:3)
  5 leopard geckos
  22 orcs
  12 bats
  7 giant cockroaches
  11 goblins
  14 hobgoblins
  6 jackals
  5 quokkas
  4 ball pythons
  4 frilled lizards
  21 kobolds
  A leopard gecko zombie (D:6)
  11 rats
  A plant (Lair:2)
301 creatures vanquished.

Vanquished Creatures (collateral kills)
  A hornet (D:8)
1 creature vanquished.

Vanquished Creatures (others)
  2 fungi (Lair:3)
2 creatures vanquished.

Grand Total: 304 creatures vanquished

Notes
Turn   | Place    | Note
-------+----------+-------------------------------------------
     0 | D:1      | Lilleppy the Minotaur Gladiator began the quest for the Orb.
     0 | D:1      | Reached XP level 1. HP: 18/18 MP: 0/0
   178 | D:1      | Reached XP level 2. HP: 23/25 MP: 1/1
   465 | D:1      | Reached XP level 3. HP: 25/30 MP: 2/2
   920 | D:2      | Found a sparkling altar of Nemelex Xobeh.
  1152 | D:2      | Found a basalt altar of Yredelemnul.
  1206 | D:2      | Reached skill level 1 in Armour
  1317 | D:2      | Reached XP level 4. HP: 38/38 MP: 3/3
  1329 | D:2      | Found a burning altar of Makhleb.
  1337 | D:2      | Became a worshipper of Makhleb the Destroyer
  1444 | D:3      | Reached skill level 2 in Armour
  1444 | D:3      | Reached XP level 5. HP: 20/45 MP: 4/4
  1686 | D:3      | Found a glowing drain.
  1700 | Sewer    | Entered a sewer
  1795 | Sewer    | Reached skill level 1 in Maces & Flails
  1795 | Sewer    | Reached skill level 5 in Staves
  1795 | Sewer    | Reached skill level 3 in Armour
  1857 | Sewer    | Reached XP level 6. HP: 33/52 MP: 5/5
  1868 | Sewer    | Reached skill level 4 in Armour
  2099 | Sewer    | Reached * piety under Makhleb
  2203 | D:3      | Noticed Sigmund
  2311 | D:3      | Killed Sigmund
  2311 | D:3      | Reached skill level 5 in Armour
  2311 | D:3      | Reached XP level 7. HP: 22/59 MP: 6/6
  2593 | D:3      | Noticed Robin
  2606 | D:3      | Killed Robin
  2892 | D:4      | Reached ** piety under Makhleb
  3155 | D:4      | Noticed Grinder
  3161 | D:4      | Killed Grinder
  3161 | D:4      | Reached skill level 5 in Fighting
  3181 | D:4      | Reached skill level 6 in Armour
  3348 | D:4      | Noticed Apostate's ghost (amateur DsGl)
  3363 | D:4      | Killed Apostate's ghost
  3363 | D:4      | Reached skill level 5 in Maces & Flails
  3363 | D:4      | Reached skill level 5 in Dodging
  3363 | D:4      | Reached XP level 8. HP: 69/69 MP: 7/7
  3446 | D:4      | Noticed Menkaure
  3449 | D:4      | Killed Menkaure
  3746 | D:5      | Entered Level 5 of the Dungeon
  4401 | D:6      | Reached skill level 7 in Armour
  4551 | D:6      | Reached skill level 1 in Stealth
  4658 | D:6      | Found a white marble altar of Elyvilon.
  4709 | D:6      | Reached XP level 9. HP: 78/78 MP: 8/8
  4782 | D:6      | Reached *** piety under Makhleb
  5110 | D:6      | Found a glowing golden altar of the Shining One.
  5134 | D:6      | Found an opulent altar of Gozag.
  5135 | D:6      | Found a glowing silver altar of Zin.
  5375 | D:7      | Noticed Dowan
  5376 | D:7      | Noticed Duvessa
  5379 | D:7      | Killed Duvessa
  5381 | D:7      | Killed Dowan
  5381 | D:7      | Reached skill level 8 in Armour
  5443 | D:7      | Noticed a smoke demon
  5961 | D:7      | Noticed Prince Ribbit
  5969 | D:7      | Found a staircase to the Ecumenical Temple.
  5985 | D:7      | Found an iron altar of Okawaru.
  5985 | D:7      | Found a shadowy altar of Dithmenos.
  6126 | D:7      | Found Jaewniy's Food Shop.
  6129 | D:7      | Bought a bread ration for 60 gold pieces
  6129 | D:7      | Bought a meat ration for 60 gold pieces
  6129 | D:7      | Bought a slice of pizza for 18 gold pieces
  6217 | D:7      | Killed Prince Ribbit
  6333 | D:8      | Paralysed by a hornet for 3 turns
  6441 | D:8      | Found a shimmering altar of Xom.
  6778 | D:8      | Identified a scroll of acquirement
  6983 | D:8      | Noticed Joseph
  6994 | D:8      | Killed Joseph
  6994 | D:8      | Reached skill level 10 in Maces & Flails
  6994 | D:8      | Reached skill level 9 in Armour
  6994 | D:8      | Reached skill level 1 in Invocations
  7054 | D:8      | Noticed Gastronok
  7077 | D:8      | Killed Gastronok
  7077 | D:8      | Reached XP level 10. HP: 54/88 MP: 8/10
  7785 | D:9      | Found a staircase to the Lair.
  7817 | Lair:1   | Entered Level 1 of the Lair of Beasts
  7881 | Lair:1   | Reached skill level 1 in Shields
  7889 | Lair:1   | Reached skill level 10 in Armour
  8091 | Lair:1   | Noticed a black mamba
  8106 | Lair:1   | Killed a black mamba
  8106 | Lair:1   | Reached **** piety under Makhleb
  8408 | Lair:1   | Noticed a four-headed hydra
  8416 | Lair:1   | Killed a four-headed hydra
  8438 | Lair:1   | Reached XP level 11. HP: 95/95 MP: 11/11
  8515 | Lair:1   | Reached skill level 11 in Armour
  8930 | Lair:1   | Noticed Grum
  8952 | Lair:1   | Killed Grum
  9929 | Lair:3   | Noticed Urug
  9952 | Lair:3   | Killed Urug
 10035 | Lair:3   | Noticed a queen ant
 10061 | Lair:3   | Reached skill level 12 in Armour
 10066 | Lair:3   | Killed a queen ant
 10072 | Lair:3   | Noticed Sonja
 10129 | Lair:3   | Reached skill level 5 in Shields
 10134 | Lair:3   | Reached ***** piety under Makhleb
 10458 | Lair:3   | Noticed a five-headed hydra
 10467 | Lair:3   | Killed a five-headed hydra
 10564 | Lair:3   | Found a hole to the Spider Nest.
 10584 | Lair:3   | Noticed Nergalle
 10601 | Lair:3   | Killed Nergalle
 10601 | Lair:3   | Reached XP level 12. HP: 106/106 MP: 12/12
 10721 | Lair:3   | Cast into level 2 of the Abyss (Sonja)
 10737 | Abyss:2  | Reached skill level 10 in Fighting
 10863 | Abyss:2  | Reached skill level 13 in Armour
 10880 | Abyss:2  | Noticed a starcursed mass
 10920 | Abyss:2  | Killed from afar by a smoke demon

Skill      XL: |  1  2  3  4  5  6  7  8  9 10 11 12 |
---------------+-------------------------------------+-----
Staves         | 4 5 |  5.6
Fighting       | 3 4 5 6 8 9 10 | 10.3
Armour         | 1 2 3 5 6 7 9 10 12 13 | 13.0
Dodging        | 4 5 6 |  6.7
Maces & Flails | 1 2 5 7 11 12 | 12.9
Stealth        | 1 2 |  2.0
Invocations    | 1 2 |  2.5
Shields        | 2 5 6 |  6.3
Throwing       | |  2.2
Evocations     | |  0.3

Action                   |  1- 3 |  4- 6 |  7- 9 | 10-12 || total
-------------------------+-------+-------+-------+-------++-------
Melee: Quarterstaff      |    67 |       |       |       ||    67
       Headbutt          |     7 |    12 |    59 |   110 ||   188
       Whip              |    28 |   118 |   342 |   423 ||   911
Throw: Throwing net      |     1 |       |     1 |       ||     2
Invok: Minor Destruction |       |       |     3 |       ||     3
       Lesser Servant of |       |       |     2 |       ||     2
Evoke: Wand              |       |       |       |     1 ||     1
  Use: Potion            |       |     2 |     6 |     8 ||    16
       Scroll            |       |       |    18 |     4 ||    22
 Stab: Held in net/web   |       |       |     1 |       ||     1
  Eat: Bread ration      |       |     1 |       |       ||     1
       Meat ration       |       |       |     3 |     2 ||     5
       Beef jerky        |       |       |     1 |       ||     1
Armor: Leather armour    |    10 |       |       |       ||    10
       Chain mail        |    41 |    78 |   138 |   195 ||   452
       Skin              |       |    11 |       |       ||    11
Dodge: Dodged            |    56 |    71 |   125 |   209 ||   461
Block: Buckler           |       |       |     3 |    93 ||    96
